 Dungeon Crawl Stone Soup version 0.18.1-1-g2f07953 (webtiles) character file.

53452 imganon the Brawler (level 14, -14/121 HPs)
             Began as a Demonspawn Berserker on May 6, 2016.
             Was a High Priest of Trog.
             Demolished by Rupert
             ... wielding a +2 battleaxe of freezing
              (26 damage)
             ... while paralysed by Rupert
             ... on level 13 of the Dungeon.
             The game lasted 01:11:05 (26179 turns).

imganon the Brawler (Demonspawn Berserker)         Turns: 26179, Time: 01:11:05

Health: -14/121    AC: 14    Str: 27    XL:     14   Next: 30%
Magic:  18/18      EV:  2    Int:  9    God:    Trog [*****.]
Gold:   852        SH:  0    Dex: 20    Spells: 0 memorised, 13 levels left

rFire  + + +     SeeInvis +       - Unarmed
rCold  + + .     Gourm    .     R - +3 scale mail {rF+}
rNeg   + . .     Faith    .     (no shield)
rPois  .         Spirit   .     (helmet unavailable)
rElec  +         Dismiss  .     K - +0 cloak of Givaupp {+Blink +Inv rElec rF+ rC++}
rCorr  .         Reflect  +     U - +0 pair of gloves {Str+3}
SustAt .         Harm     .     (no boots)
MR     +....                    W - +5 amulet of reflection
Stlth  +.........               F - +4 ring of strength
                                a - ring of positive energy

@: paralysed, agile, somewhat resistant to hostile enchantments, very unstealthy
A: claws 2, hooves 2, horns 3, see invisible, fire resistance 1, foul stench 2,
sense surroundings 1, powered by pain 1, robust 1, rot immunity
a: Berserk, Trog's Hand, Brothers in Arms, Burn Spellbooks, Renounce Religion,
Evoke Blink, Evoke Invisibility


You were on level 13 of the Dungeon.
You worshipped Trog.
Trog was extremely pleased with you.
You were not hungry.

You visited 2 branches of the dungeon, and saw 21 of its levels.
You also visited: Ossuary and Volcano.

You collected 1632 gold pieces.
You spent 780 gold pieces at shops.

Inventory:

Armour
 y - a +2 pair of gloves
 G - a +1 ring mail of magic resistance
 K - the +0 cloak of Givaupp (worn) {+Blink +Inv rElec rF+ rC++}
   (You found it on level 2 of the Lair of Beasts)

   It protects you from fire.
   It greatly protects you from cold.
   It insulates you from electricity.
   It lets you turn invisible.
   It lets you blink.
 R - a +3 scale mail of fire resistance (worn)
 U - a +0 pair of gloves of strength (worn)
 X - a +3 chain mail
Jewellery
 a - a ring of positive energy (left hand)
 m - an uncursed ring of see invisible
 w - an uncursed ring of positive energy
 B - an uncursed ring of positive energy
 C - an uncursed ring of fire
 F - a +4 ring of strength (right hand)
 M - an uncursed ring of ice
 T - an uncursed amulet of guardian spirit
 W - a +5 amulet of reflection (around neck)
Wands
 g - a wand of confusion (22/48)
 j - a wand of lightning (5/15)
 r - a wand of paralysis (15/24)
 u - a wand of polymorph (19/24)
 A - a wand of disintegration (19/24)
 E - a wand of lightning (6/15)
 J - a wand of heal wounds (5/9)
 L - a wand of flame (40/48)
 N - a wand of teleportation (6/9)
 Q - a wand of polymorph (4/24)
 Z - a wand of acid (8/15)
Scrolls
 d - 3 scrolls of recharging
 f - 7 scrolls of remove curse
 i - 3 scrolls of fear
 l - 3 scrolls of enchant weapon
 o - 2 scrolls of enchant armour
 q - 4 scrolls of identify
 s - 2 scrolls of blinking
 x - 2 scrolls of magic mapping
 z - 10 scrolls of teleportation
 H - 5 scrolls of fog
Potions
 b - a potion of cancellation
 e - a potion of heal wounds
 h - 7 potions of curing
 k - 3 potions of flight
 n - 2 potions of haste
 p - 2 potions of ambrosia
 t - 5 potions of might
 v - a potion of berserk rage
 D - 2 potions of invisibility
 I - 3 potions of agility
 P - 2 potions of resistance
 Y - a potion of cure mutation
Comestibles
 c - 6 bread rations
 O - 7 meat rations
 S - 19 fruits


   Skills:
 - Level 10.0 Fighting
   Level 6.3 Axes
 - Level 10.7 Armour
 - Level 1.7 Dodging
 - Level 1.2 Stealth
 + Level 16.2 Unarmed Combat
 - Level 6.1 Evocations


You had 13 spell levels left.
You didn't know any spells.

Dungeon Overview and Level Annotations

Branches:
Dungeon (13/15)            Temple (0/1) D:7            Lair (8/8) D:8
  Swamp (0/4) Lair:6        Snake (0/4) Lair:6        Slime (0/6) Lair:7
    Orc (0/2) D:12
 Vaults: D:13-14

Altars:
Ashenzari
Fedhas
Gozag
Kikubaaqudgha
Nemelex Xobeh
Okawaru
Qazlal
Sif Muna
Yredelemnul
Zin
The Shining One

Shops:
D:7 *((   D:8 =%   D:9 [(*!   D:11 *[*   D:12 [

Annotations:
D:13 Rupert
Lair:7 exclusion: 7 oklob plants


Innate Abilities, Weirdness & Mutations

You have very sharp fingernails.
You have hoof-like feet.
You have a pair of large horns on your head.
You frequently emit foul miasma when damaged in melee.
You sometimes gain a little power by taking damage.
You are immune to rotting.
You have supernaturally acute eyesight.
Your flesh is heat resistant.
You passively map a small area around you.
You are robust (+10% HP).


Message History

Rupert hits you with a battleaxe of freezing!
Rupert freezes you. The kobold hits you but does no damage.
The enchanted long sword hits you!
* * * LOW HITPOINT WARNING * * *
You focus on the pain.
You feel agile all of a sudden.
The big kobold throws a stone.
The stone hits you but does no damage. The kobold hits you but does no damage.
Rupert is engulfed in dark miasma.
Rupert looks even sicker.
Rupert hits you with a battleaxe of freezing!
* * * LOW HITPOINT WARNING * * *
Rupert freezes you.
* * * LOW HITPOINT WARNING * * *
The enchanted long sword hits you but does no damage.
The enchanted long sword hits you!
* * * LOW HITPOINT WARNING * * *
The kobold hits you but does no damage.
Rupert is engulfed in dark miasma.
Rupert looks even sicker.
Rupert seems to slow down.
Rupert hits you with a battleaxe of freezing!!
You die...

, , ,+ ###### * ,
......#
.......##+#####
#.............. ,
*##.............,
, ,
.......@K......
#....(@.......
#.......(......
)......K....$..
,...............
, ..###..........
.* #.......... ,
#.......... * *
#######+### *


You could see Rupert, a big kobold, an enchanted long sword and a kobold.

Vanquished Creatures
  The ghost of Medar the Brawler, a journeyman TrCK of Xom (D:10)
  Fannar (Lair:3)
  A hydra (D:12)
  Erica (D:9)
  A dancing weapon (D:12)
  3 death yaks (Lair:7)
  A queen ant (Lair:3)
  A hell hog (shapeshifter) (D:11)
  Sonja (Lair:2)
  The ghost of zkyp the Basher, a novice HuFi of Okawaru (D:7)
  5 skeletal warriors (D:11)
  A hill giant (D:11)
  Pikel (D:5)
  3 griffons
  3 cyclopes
  4 ugly things
  4 black mambas
  2 molten gargoyles (Volcano)
  7 spiny frogs
  13 elephants
  2 gargoyles (Volcano)
  3 centaur skeletons
  5 komodo dragons
  A troll (D:11)
  A two-headed ogre (D:12)
  Grinder (D:5)
  A boulder beetle (Lair:8)
  14 blink frogs
  A vampire (D:11)
  5 fire elementals (Volcano)
  30 yaks
  5 wyverns
  3 hungry ghosts
  A basilisk (Lair:6)
  Eustachio (D:5)
  A steam dragon (Lair:1)
  3 wargs (D:8)
  Menkaure (D:5)
  8 hippogriffs
  2 vampire mosquitoes (D:12)
  2 insubstantial wisps (Lair:6)
  3 nagas (Lair:6)
  20 soldier ants (Lair:3)
  Edmund (D:5)
  Duvessa (D:7)
  7 porcupines
  10 water moccasins
  2 black bears
  3 orc warriors
  2 ice beasts
  4 sky beasts
  An eye of draining (D:12)
  A wasp (Lair:1)
  4 slaves (D:5)
  2 phantoms
  6 ogres
  5 wolves
  7 centaurs
  A big kobold (D:11)
  8 crocodiles
  18 giant frogs
  An elf zombie (Ossuary)
  A wyvern skeleton (D:10)
  Dowan (D:7)
  2 scorpions
  3 wights (D:9)
  13 killer bees
  5 howler monkeys
  6 crimson imps
  2 giant frog zombies
  7 jellies
  2 human zombies (Ossuary)
  A quasit (D:9)
  5 centaur zombies
  4 hounds
  11 orc priests
  A wasp zombie (D:8)
  14 orc wizards
  2 giant frog skeletons
  A gnoll shaman (D:8)
  7 iguanas
  Ijyb (D:3)
  Natasha (thrice) (D:4)
  26 worker ants
  19 sheep
  2 big kobold zombies (Ossuary)
  3 hound zombies (Ossuary)
  4 mummies
  A howler monkey skeleton (D:9)
  A worker ant zombie (D:6)
  17 gnolls
  3 adders
  68 river rats
  2 shadow imps
  2 oozes
  2 adder skeletons
  3 adder zombies
  2 worms
  2 dart slugs (D:2)
  3 giant geckos
  39 orcs
  6 giant cockroaches
  5 goblins
  11 hobgoblins
  8 jackals
  2 quokkas
  A ball python (D:6)
  5 bats
  A giant gecko zombie (D:6)
  7 giant newts
  3 goblin zombies (Ossuary)
  3 hobgoblin zombies (Ossuary)
  A jackal skeleton (D:5)
  A jackal zombie (D:7)
  11 kobolds
  3 kobold zombies (Ossuary)
  A quokka skeleton (D:5)
  4 quokka zombies (Ossuary)
  10 rats
  4 rat zombies (Ossuary)
631 creatures vanquished.

Vanquished Creatures (collateral kills)
  A spiny frog (Lair:2)
  A porcupine (Lair:2)
  A water moccasin (Lair:1)
  2 ogres (D:7)
  4 wolves (Lair:2)
  A giant frog (Lair:2)
  A jelly (D:7)
  6 sheep (Lair:1)
  An orc (D:7)
18 creatures vanquished.

Vanquished Creatures (others)
  A crocodile (Lair:8)
  12 fungi
  2 plants
15 creatures vanquished.

Grand Total: 664 creatures vanquished

Notes
Turn   | Place    | Note
--------------------------------------------------------------
     0 | D:1      | imganon the Demonspawn Berserker began the quest for the Orb.
     0 | D:1      | Reached XP level 1. HP: 18/18 MP: 1/1
    27 | D:1      | Gained mutation: You are immune to rotting. [demonic ancestry]
    27 | D:1      | Reached XP level 2. HP: 10/24 MP: 2/2
   795 | D:1      | Gained mutation: You have sharp fingernails. [demonic ancestry]
   795 | D:1      | Reached XP level 3. HP: 25/29 MP: 3/3
   946 | D:2      | Reached ** piety under Trog
  1180 | D:2      | Found a shattered altar of Ashenzari.
  1258 | D:2      | Found a faded altar to an unknown god.
  1360 | D:2      | Gained mutation: You have a pair of small horns on your head. [demonic ancestry]
  1360 | D:2      | Reached XP level 4. HP: 32/35 MP: 4/4
  1648 | D:3      | Reached skill level 5 in Axes
  1797 | D:3      | Gained mutation: You have a pair of horns on your head. [demonic ancestry]
  1797 | D:3      | Reached XP level 5. HP: 35/41 MP: 5/5
  1812 | D:3      | Reached *** piety under Trog
  2263 | D:3      | Noticed Ijyb
  2278 | D:3      | Killed Ijyb
  2321 | D:3      | Found an opulent altar of Gozag.
  2589 | D:4      | Noticed Natasha
  2595 | D:4      | Killed Natasha
  2646 | D:4      | Gained mutation: You may emit foul miasma when damaged in melee. [demonic ancestry]
  2646 | D:4      | Reached XP level 6. HP: 44/47 MP: 6/6
  2702 | D:4      | Reached skill level 1 in Unarmed Combat
  2777 | D:4      | Found a basalt altar of Yredelemnul.
  2938 | D:4      | Noticed Natasha
  2944 | D:4      | Killed Natasha
  2944 | D:4      | Reached skill level 2 in Unarmed Combat
  3274 | D:4      | Noticed Natasha
  3282 | D:4      | Killed Natasha
  3477 | D:5      | Entered Level 5 of the Dungeon
  3489 | D:4      | Reached skill level 3 in Unarmed Combat
  3500 | D:4      | Reached XP level 7. HP: 21/52 MP: 7/7
  3724 | D:5      | Found a sparkling altar of Nemelex Xobeh.
  3732 | D:5      | Noticed Grinder
  3781 | D:5      | Killed Grinder
  3781 | D:5      | Reached skill level 1 in Stealth
  3781 | D:5      | Reached skill level 4 in Unarmed Combat
  3936 | D:5      | Reached skill level 5 in Unarmed Combat
  4004 | D:5      | Found a glowing silver altar of Zin.
  4008 | D:5      | Noticed Menkaure
  4096 | D:5      | Killed Menkaure
  4096 | D:5      | Reached skill level 6 in Unarmed Combat
  4096 | D:5      | Gained mutation: You have large cloven feet. [demonic ancestry]
  4096 | D:5      | Reached XP level 8. HP: 29/58 MP: 8/8
  4653 | D:5      | Reached **** piety under Trog
  4653 | D:5      | Reached skill level 7 in Unarmed Combat
  5015 | D:5      | Noticed Pikel
  5024 | D:5      | Killed Pikel
  5024 | D:5      | Reached skill level 8 in Unarmed Combat
  5178 | D:5      | Noticed Eustachio
  5178 | D:5      | Noticed Edmund
  5192 | D:5      | Killed Edmund
  5197 | D:5      | Reached skill level 9 in Unarmed Combat
  5197 | D:5      | Gained mutation: You sometimes gain a little power by taking damage. [demonic ancestry]
  5197 | D:5      | Reached XP level 9. HP: 53/63 MP: 9/9
  5199 | D:5      | Killed Eustachio
  5822 | D:6      | Found a stormy altar of Qazlal.
  5853 | D:6      | Found a sand-covered staircase.
  5871 | Ossuary  | Entered an ossuary
  5902 | Ossuary  | Reached skill level 10 in Unarmed Combat
  6809 | D:7      | Found a staircase to the Ecumenical Temple.
  6811 | D:7      | Found Veok Anka's Weapon Shop.
  6874 | D:7      | Noticed Dowan
  6875 | D:7      | Noticed Duvessa
  6890 | D:7      | Killed Duvessa
  6890 | D:7      | Reached skill level 11 in Unarmed Combat
  6905 | D:7      | Killed Dowan
  7648 | D:7      | Noticed zkyp's ghost (novice HuFi)
  7660 | D:7      | Killed zkyp's ghost
  7660 | D:7      | Gained mutation: You have hoof-like feet. [demonic ancestry]
  7660 | D:7      | Reached XP level 10. HP: 49/70 MP: 10/10
  7860 | D:7      | Found Giocu's Assorted Antiques.
  7869 | D:7      | Reached skill level 12 in Unarmed Combat
  7944 | D:7      | Gained mutation: You have supernaturally acute eyesight. [potion of mutation]
  7944 | D:7      | Gained mutation: You passively map a small area around you. [potion of mutation]
  7960 | D:7      | Found Emmihow's Antique Weapon Shoppe.
  7974 | D:7      | Found Eju Ymoc's Weapon Shoppe.
  8189 | D:7      | Found a sparkling altar of Nemelex Xobeh.
  8934 | D:8      | Reached skill level 13 in Unarmed Combat
  9302 | D:8      | Found Pyenoq's Jewellery Shop.
  9439 | D:8      | Found a staircase to the Lair.
  9678 | D:7      | Reached ***** piety under Trog
 10089 | D:8      | Found Tiecull's Food Emporium.
 10361 | D:8      | Found an ancient bone altar of Kikubaaqudgha.
 10658 | Lair:1   | Entered Level 1 of the Lair of Beasts
 10974 | Lair:1   | Gained mutation: You frequently emit foul miasma when damaged in melee. [demonic ancestry]
 10974 | Lair:1   | Reached XP level 11. HP: 66/75 MP: 11/11
 11082 | Lair:1   | Reached skill level 14 in Unarmed Combat
 11901 | Lair:2   | Noticed Sonja
 11938 | Lair:2   | Killed Sonja
 12229 | Lair:2   | Got a transparent cloak
 12235 | Lair:2   | Identified the +0 cloak of Givaupp {+Blink +Inv rElec rF+ rC++} (You found it on level 2 of the Lair of Beasts)
 13399 | Lair:3   | Reached skill level 5 in Fighting
 13403 | Lair:3   | Reached skill level 5 in Armour
 14141 | Lair:3   | Reached XP level 12. HP: 71/89 MP: 12/12
 14403 | Lair:3   | Noticed a queen ant
 14414 | Lair:3   | Killed a queen ant
 14830 | Lair:3   | Received a gift from Trog
 14936 | Lair:3   | Reached skill level 1 in Evocations
 14955 | Lair:3   | Got a brightly glowing executioner's axe {god gift}
 14958 | Lair:3   | Identified the +1 executioner's axe "Duak" {chop, Str+2} (Trog gifted it to you on level 3 of the Lair of Beasts)
 15089 | Lair:3   | Noticed Fannar
 15102 | Lair:3   | Killed Fannar
 15306 | Lair:3   | Found an iron altar of Okawaru.
 17104 | Lair:5   | Found a blossoming altar of Fedhas.
 17671 | Lair:6   | Found a staircase to the Swamp.
 17700 | Lair:6   | Found a staircase to the Snake Pit.
 18002 | Lair:6   | Reached skill level 10 in Fighting
 18489 | Lair:7   | Gained mutation: You have a pair of large horns on your head. [demonic ancestry]
 18489 | Lair:7   | Reached XP level 13. HP: 88/103 MP: 15/15
 18778 | Lair:7   | Received a gift from Trog
 18803 | Lair:7   | Reached skill level 10 in Armour
 18816 | Lair:7   | Found a staircase to the Slime Pits.
 18819 | Lair:7   | Found a dark tunnel.
 18827 | Volcano  | Entered a volcano
 19393 | Volcano  | Gained mutation: You are robust (+10% HP). [potion of beneficial mutation]
 20252 | Lair:7   | Found a deep blue altar of Sif Muna.
 20617 | Lair:8   | Entered Level 8 of the Lair of Beasts
 20836 | Lair:8   | Gained mutation: Your flesh is heat resistant. [potion of beneficial mutation]
 20884 | Lair:7   | Reached skill level 5 in Evocations
 21149 | Lair:8   | Received a gift from Trog
 21431 | Lair:7   | Noticed an acid blob
 22191 | D:9      | Noticed Erica
 22198 | D:9      | Killed Erica
 22240 | D:9      | Found Raluh's General Store.
 22245 | D:9      | Found Liachuosh's Weapon Emporium.
 22269 | D:9      | Bought a +5 amulet of reflection for 275 gold pieces
 22278 | D:9      | Found Raetanto's Distillery.
 22286 | D:9      | Bought a potion of cure mutation for 400 gold pieces
 22286 | D:9      | Bought a potion of degeneration for 16 gold pieces
 22287 | D:9      | Bought a potion of might for 64 gold pieces
 22287 | D:9      | Identified a scroll of acquirement
 22378 | D:9      | Found a glowing golden altar of the Shining One.
 22704 | D:9      | Found Hyeczalim's Armour Shop.
 22725 | D:10     | Entered Level 10 of the Dungeon
 22766 | D:10     | Noticed Medar's ghost (journeyman TrCK)
 22776 | D:10     | Killed Medar's ghost
 23035 | D:10     | Reached skill level 15 in Unarmed Combat
 23681 | D:11     | Found Omanoep's Armour Shoppe.
 23713 | D:11     | Found Unepots's Assorted Antiques.
 23747 | D:11     | Gained mutation: You have very sharp fingernails. [demonic ancestry]
 23747 | D:11     | Reached XP level 14. HP: 116/121 MP: 18/18
 23803 | D:11     | Received a gift from Trog
 24198 | D:11     | Found Unleqaox's Assorted Antiques.
 24206 | D:11     | Bought a scroll labeled XYOSA JIETZE for 25 gold pieces
 25173 | D:12     | Reached skill level 16 in Unarmed Combat
 25303 | D:12     | Found Nugy's Armour Emporium.
 25305 | D:12     | Found a staircase to the Orcish Mines.
 26094 | D:13     | Noticed Rupert
 26173 | D:13     | Paralysed by Rupert for 7 turns
 26179 | D:13     | Demolished by Rupert

Skill      XL: |  1  2  3  4  5  6  7  8  9 10 11 12 13 14 |
---------------+-------------------------------------------+-----
Axes           | 3 4 5 6 |  6.3
Unarmed Combat | 3 6 9 11 13 14 15 16 | 16.2
Stealth        | 1 |  1.2
Armour         | 6 9 10 | 10.7
Fighting       | 6 10 | 10.0
Evocations     | 3 6 |  6.1
Dodging        | |  1.7

Action                   |  1- 3 |  4- 6 |  7- 9 | 10-12 | 13-15 || total
-------------------------+-------+-------+-------+-------+-------++-------
Melee: Hand axe          |   137 |   137 |     4 |       |       ||   278
       Headbutt          |       |    25 |    79 |   194 |   152 ||   450
       Unarmed           |       |       |   349 |   858 |   599 ||  1806
       Kick              |       |       |   110 |   312 |   249 ||   671
       Punch             |       |       |    17 |    73 |    52 ||   142
Invok: Berserk           |     1 |     4 |     6 |     5 |     2 ||    18
       Brothers in Arms  |       |       |     1 |     2 |       ||     3
       Trog's Hand       |       |       |       |     7 |     4 ||    11
       Burn Spellbooks   |       |       |       |     3 |     1 ||     4
 Abil: Evoke Invisibilit |       |       |       |       |     2 ||     2
Evoke: Wand              |       |       |       |     2 |       ||     2
  Use: Scroll            |       |     4 |     5 |    14 |    10 ||    33
       Potion            |       |       |       |    10 |     6 ||    16
 Stab: Distracted        |       |       |       |       |     1 ||     1
  Eat: Chunk             |     3 |    10 |     8 |    16 |     9 ||    46
       Pizza             |       |       |     5 |     1 |       ||     6
       Beef jerky        |       |       |     1 |     1 |     2 ||     4
       Meat ration       |       |       |     1 |     2 |     1 ||     4
       Fruit             |       |       |       |     8 |     8 ||    16
       Bread ration      |       |       |       |     2 |     2 ||     4
Armor: Animal skin       |    30 |       |       |       |       ||    30
       Ring mail         |     4 |    34 |   114 |   247 |    44 ||   443
       Scale mail        |       |       |       |       |   170 ||   170
Dodge: Dodged            |    83 |    63 |   177 |   358 |   214 ||   895
Block: Other             |       |       |       |       |    41 ||    41
       Reflection        |       |       |       |       |     2 ||     2
